 Dungeon Crawl Stone Soup version 0.30-a0-605-gb2882149bf (webtiles) character file.

Game seed: 15764333191790127202

93167 bmack86 the Warrior (level 15, -9/147 HPs)
             Began as a Minotaur Fighter on Jan 8, 2023.
             Was a High Priest of Okawaru.
             Mangled by a tentacled starspawn (12 damage)
             ... on level 1 of the Abyss.
             The game lasted 00:59:54 (17973 turns).

bmack86 the Warrior (Minotaur Fighter)             Turns: 17973, Time: 00:59:55

Health: -9/147     AC: 33    Str: 28    XL:     15   Next: 59%
Magic:  0/18       EV:  3    Int:  7    God:    Okawaru [*****.]
Gold:   849        SH:  7    Dex: 12    Spells: 14/14 levels left

rFire   + . .      SeeInvis +    a - +6 war axe (elec)
rCold   + . .      Faith    .    c - +0 buckler
rNeg    . . .      Spirit   +    E - +1 gold dragon scales
rPois   +          Reflect  .    (helmet restricted)
rElec   +          Harm     .    C - +1 cloak {rPois}
rCorr   .          Rampage  .    L - +2 pair of gloves
Will    +....                    m - +2 pair of boots Stlth
                                 Y - amulet "Devauxe" {Spirit Regen+ Dex+2 Slay+3}
HPRegen 0.00/turn                h - ring "Duduptet" {rElec Int+2 SInv}
MPRegen 0.16/turn                n - +4 ring of protection

@: sick, constricted
A: horns 2, retaliatory headbutt
a: Renounce Religion, Heroism, Finesse, Duel


You were on level 1 of the Abyss.
You worshipped Okawaru.
Okawaru was extremely pleased with you.
You visited 3 branches of the dungeon, and saw 18 of its levels.
You visited the Abyss 1 time.
You also visited: Ossuary, Bailey and Gauntlet.

You collected 1810 gold pieces.
You spent 961 gold pieces at shops.

Inventory:

Hand Weapons
 a - a +6 war axe of electrocution (weapon)
 V - a +2 spectral executioner's axe
Missiles
 k - 8 boomerangs (quivered)
 P - a throwing net
 W - 3 javelins
 Z - 5 silver javelins
Armour
 c - a +0 buckler (worn)
 m - a +2 pair of boots (worn)
 C - a +1 cloak of poison resistance (worn)
 E - +1 gold dragon scales (worn)
 L - a +2 pair of gloves (worn)
 R - a scarf of repulsion
Jewellery
 d - a +6 ring of strength
 f - a ring of protection from fire
 h - the ring "Duduptet" (left hand) {rElec Int+2 SInv}
   (You bought it in a shop on level 11 of the Dungeon)

   [ring of see invisible]

   Int:       It affects your intelligence (+2).
   rElec:     It insulates you from electricity.
   SInv:      It lets you see invisible.
 n - a +4 ring of protection (right hand)
 q - a ring of flight
 D - a ring of protection from cold
 G - a ring of willpower
 J - a +6 ring of intelligence
 O - a ring of resist corrosion
 S - a ring of willpower
 T - an amulet of reflection
 X - a ring of willpower
 Y - the amulet "Devauxe" (around neck) {Spirit Regen+ Dex+2 Slay+3}
   (You took it off a minotaur in a Gauntlet)

   [amulet of guardian spirit]

   It causes incoming damage to be divided between your reserves of health and
   magic.
   Dex:       It affects your dexterity (+2).
   Slay:      It affects your accuracy & damage with ranged weapons and melee
   (+3).
   Regen:     It increases your rate of health regeneration.
Scrolls
 g - 2 scrolls of poison
 p - 11 scrolls of teleportation
 w - a scroll of identify
 y - 2 scrolls of fog
 A - 2 scrolls of blinking
 H - 4 scrolls of fear
Potions
 e - 6 potions of lignification
 i - 4 potions of haste
 j - 3 potions of flight
 r - 3 potions of ambrosia
 s - a potion of might
 t - a potion of magic
 v - a potion of brilliance
 x - 3 potions of heal wounds
 z - 2 potions of cancellation
 F - 3 potions of curing
 Q - 2 potions of invisibility


   Skills:
 * Level 17.2 Fighting
 * Level 16.9 Axes
 + Level 9.2 Throwing
 + Level 12.3 Armour
 + Level 13.0 Shields
 + Level 5.9 Invocations


You had 14 spell levels left.
You didn't know any spells.
Your spell library contained the following spells:

 Spells                   Type           Power      Damage    Failure   Level
 Beastly Appendage        Tmut           0%         N/A       100%        1
 Sandblast                Erth           0%         2d4       100%        1
 Blink                    Tloc           0%         N/A       100%        2
 Ensorcelled Hibernation  Hex/Ice        0%         N/A       100%        2
 Passwall                 Tmut/Erth      0%         N/A       100%        2
 Static Discharge         Conj/Air       0%         2-2/arc   100%        2
 Wereblood                Tmut           0%         N/A       100%        2
 Hailstorm                Conj/Ice       0%         3d3       100%        3
 Portal Projectile        Hex/Tloc       0%         N/A       100%        3
 Spider Form              Tmut/Pois      0%         N/A       100%        3
 Stone Arrow              Conj/Erth      0%         3d7       100%        3
 Swiftness                Air            0%         N/A       100%        3
 Vhi's Electric Charge    Tloc/Air       0%         N/A       100%        3
 Ice Form                 Ice/Tmut       0%         N/A       100%        4
 Leda's Liquefaction      Hex/Erth       0%         N/A       100%        4
 Manifold Assault         Tloc           0%         N/A       100%        4
 Arcjolt                  Conj/Air       0%         1d10      100%        5
 Fireball                 Conj/Fire      0%         3d3       100%        5
 Iskenderun's Battlesphe  Conj           0%         2d6       100%        5
 Lightning Bolt           Conj/Air       0%         1d11      100%        5
 Conjure Ball Lightning   Conj/Air       0%         3x3d6     100%        6
 Orb of Destruction       Conj           0%         9d5       100%        7
 Storm Form               Tmut/Air       0%         N/A       100%        7
 Call Canine Familiar     Summ           Unusable   N/A       N/A         3
 Simulacrum               Ice/Necr       Unusable   N/A       N/A         6

Dungeon Overview and Level Annotations

Branches:
Dungeon (12/15)            Temple (1/1) D:6            Lair (5/5) D:11
 Shoals (0/4) Lair:2       Spider (0/4) Lair:3        Slime (0/5) Lair:4
    Orc (0/2) D:11        Ossuary (visited)          Bailey (visited)
Gauntlet (visited)

Altars:
Ashenzari
Cheibriados
Dithmenos
Elyvilon
Fedhas
Gozag
Hepliaklqana
Kikubaaqudgha
Makhleb
Nemelex Xobeh
Okawaru
Qazlal
Ru
Sif Muna
Trog
Uskayaw
Vehumet
Wu Jian
Xom
Yredelemnul
Zin
The Shining One

Shops:
D:5 *   D:8 [(?   D:9 *   D:11 =

Annotations:
D:8 2 transporters, spardeous's ghost, novice FeEE
Lair:5 Sonja


Innate Abilities, Weirdness & Mutations

You have a pair of horns on your head.
You reflexively headbutt those who attack you in melee.


Message History

A small abomination comes into view.
The small abomination hits you but does no damage.
The small abomination hits you but does no damage.
You slice the small abomination!!
You destroy the small abomination!
Okawaru accepts your kill.
You start resting.
A tentacled starspawn comes into view.
A deep elf demonologist comes into view.
It is wielding a +0 short sword.
A starcursed mass comes into view.
Tentacles burst from the starspawn's body!
A starcursed mass splits. 2 starspawn tentacles come into view.
A starcursed mass splits.
The starspawn tentacle grabs you. The starspawn tentacle constricts you.
The starspawn tentacle's grasp on you weakens, but your attempt to escape fails.
The starspawn tentacle loses its grip on you.
The tentacle pulls you backwards!
A starcursed mass splits.
The starspawn tentacle grabs you. The starspawn tentacle constricts you.
A starcursed mass splits.
A starspawn tentacle segment comes into view.
You slice the starspawn tentacle segment!!
The starspawn tentacle segment is almost destroyed.
You slice the starspawn tentacle!!
Lightning courses through the starspawn tentacle!
You destroy the starspawn tentacle!
You hit the tentacled starspawn.
The starspawn tentacle loses its grip on you.
You slash the starspawn tentacle! The tentacled starspawn bites you!!
* * * LOW HITPOINT WARNING * * *
The tentacled starspawn tentacle-slaps you.
* * * LOW HITPOINT WARNING * * *
A starcursed mass splits.
You slice the tentacled starspawn!!
You headbutt the tentacled starspawn, but do no damage.
The tentacled starspawn is severely damaged.
You hit the starspawn tentacle.
A starcursed mass splits.
The starspawn tentacle grabs you. The starspawn tentacle constricts you.
The tentacled starspawn bites you!
You die...

. . . #
.###...........
...X...........#
#XXXX........... .
XX.........#.
#.........#.#.
###..........
#...........#.
#....@X......
####..w..#.#.# .#.
# .#.........# .
...........# .
.....##..........#
# .
..........#....#
##.#...##...###..#
#....#..#..# ###
....#.## #...


You could see 7 starcursed masses, a tentacled starspawn and a starspawn
tentacle.

Vanquished Creatures
  Kirke (Lair:3)
  A minotaur (Gauntlet)
  Josephine (D:10)
  2 hydras (Lair:2)
  A catoblepas (Lair:4)
  2 boulder beetles
  2 centaur warriors (D:10)
  2 two-headed ogres
  A tengu warrior (D:10)
  A wretched star (Abyss:1)
  An orb spider (Abyss:1)
  An orc knight (Bailey)
  A deep elf pyromancer (D:10)
  An oklob plant (Lair:1)
  An ugly thing (D:10)
  3 cyclopes
  9 elephants
  3 black mambas
  A moth of wrath (Gauntlet)
  A merfolk siren (Lair:2)
  4 cane toads
  A gargoyle (D:12)
  A torpor snail (Lair:4)
  3 komodo dragons
  3 unseen horrors
  An efreet (Gauntlet)
  An unseen horror zombie (D:7)
  3 rime drakes
  2 ancient zymes (Abyss:1)
  3 merfolk (Lair:2)
  3 trolls
  A tarantella (Lair:3)
  5 hornets
  19 blink frogs
  2 polar bears
  5 slime creatures
  3 shadows
  10 wraiths
  3 fire elementals (Gauntlet)
  60 yaks
  An unseen horror simulacrum (D:10)
  Grum (D:8)
  6 wyverns
  7 vampire mosquitoes
  7 hogs (Lair:3)
  Menkaure (D:7)
  4 wargs (D:11)
  A small abomination (Abyss:1)
  4 acid dragons
  13 water moccasins
  2 hell hounds (Gauntlet)
  17 orc warriors
  An ice beast (D:6)
  2 sky beasts
  2 black bears (D:6)
  4 ogres
  3 centaurs
  18 wolves
  A kobold brigand (D:9)
  7 bullfrogs
  A wyvern zombie (D:7)
  A scorpion (D:7)
  2 gnoll sergeants
  8 wights
  7 killer bees
  4 electric eels (Lair:2)
  2 centaur zombies (D:7)
  A howler monkey (D:7)
  6 jellies
  4 hounds
  A gnoll bouda (D:7)
  6 orc priests
  4 iguanas
  8 orc wizards
  7 hell rats (Lair:3)
  3 mummies (Ossuary)
  10 gnolls
  13 adders
  A shadow imp (D:7)
  A white imp (D:7)
  A worm (D:2)
  2 dart slugs (D:1)
  45 orcs
  8 bats
  5 endoplasms
  5 giant cockroaches
  10 goblins
  2 hobgoblins (D:3)
  7 jackals
  3 quokkas
  6 ball pythons
  2 frilled lizards
  4 goblin zombies (Ossuary)
  4 hobgoblin zombies (Ossuary)
  10 kobolds
  3 kobold zombies (Ossuary)
  3 rats
  A plant (Lair:2)
  A starspawn tentacle (Abyss:1)
483 creatures vanquished.

Vanquished Creatures (others)
  An orc (D:10)
  14 demonic plants (Gauntlet)
  24 fungi
  54 plants
93 creatures vanquished.

Grand Total: 576 creatures vanquished

Notes
Turn   | Place    | Note
-------+----------+-------------------------------------------
     0 | D:1      | bmack86 the Minotaur Fighter began the quest for the Orb.
     0 | D:1      | Reached XP level 1. HP: 19/19 MP: 0/0
   229 | D:1      | Reached XP level 2. HP: 27/27 MP: 1/1
   475 | D:1      | Reached skill level 4 in Fighting
  1021 | D:2      | Reached XP level 3. HP: 30/33 MP: 2/2
  1329 | D:2      | Reached skill level 1 in Throwing
  1368 | D:2      | Reached XP level 4. HP: 41/41 MP: 3/3
  1886 | D:3      | Found an ornate altar of the Wu Jian Council.
  1992 | D:3      | Found a shadowy altar of Dithmenos.
  2100 | D:3      | Found a burning altar of Makhleb.
  2100 | D:3      | Found a snail-covered altar of Cheibriados.
  2100 | D:3      | Found a glowing golden altar of the Shining One.
  2103 | D:3      | Found a hide-covered altar of Uskayaw.
  2143 | D:3      | Found a faded altar of an unknown god.
  2317 | D:3      | Found a stormy altar of Qazlal.
  2391 | D:4      | Reached XP level 5. HP: 47/47 MP: 4/4
  2429 | D:4      | Reached skill level 5 in Fighting
  2496 | D:4      | Found a sand-covered staircase.
  2522 | Ossuary  | Entered an ossuary
  2522 | Ossuary  | Noticed a wraith
  2522 | Ossuary  | Noticed a wraith
  2522 | Ossuary  | Noticed a wraith
  2708 | Ossuary  | Noticed a wraith
  2724 | Ossuary  | Killed a wraith
  2725 | Ossuary  | Reached XP level 6. HP: 13/56 MP: 5/5
  3215 | D:4      | Found a sparkling altar of Nemelex Xobeh.
  3269 | D:4      | Reached skill level 5 in Axes
  3518 | D:4      | Found a hazy altar of Hepliaklqana.
  3851 | D:5      | Entered Level 5 of the Dungeon
  3920 | D:5      | Reached skill level 6 in Fighting
  3921 | D:5      | Reached XP level 7. HP: 62/63 MP: 6/6
  3923 | D:5      | Reached skill level 5 in Shields
  4111 | D:5      | Identified the +1 ring mail of Inquiry {Harm Drain rPois
                  | rC++}
  4173 | D:5      | You fall into a shaft and drop 3 floors!
  4194 | D:8      | Found a transporter.
  4216 | D:8      | Found a transporter.
  4220 | D:8      | Noticed spardeous's ghost (novice FeEE)
  4236 | D:8      | Noticed a moth of wrath
  4269 | D:7      | Reached skill level 5 in Armour
  4283 | D:7      | Found a flagged portal.
  4289 | Bailey   | Entered a bailey
  4467 | Bailey   | Reached skill level 7 in Fighting
  4525 | Bailey   | Reached XP level 8. HP: 33/73 MP: 7/7
  4837 | Bailey   | Noticed an orc knight
  4845 | Bailey   | Killed an orc knight
  4846 | Bailey   | Reached skill level 8 in Fighting
  5143 | Bailey   | Reached XP level 9. HP: 28/82 MP: 8/8
  5601 | D:7      | Identified the +2 robe of the First Snow {SInv}
  5904 | D:7      | Reached skill level 9 in Fighting
  5909 | D:7      | Found an ancient bone altar of Kikubaaqudgha.
  6461 | D:5      | Found a glowing silver altar of Zin.
  6463 | D:5      | Found Zin's Purification Station.
  6769 | D:6      | Found an opulent altar of Gozag.
  6851 | D:6      | Found a staircase to the Ecumenical Temple.
  6869 | Temple   | Entered the Ecumenical Temple
  7079 | D:6      | Reached skill level 5 in Throwing
  7657 | D:7      | Reached skill level 10 in Fighting
  7693 | D:7      | Found a white marble altar of Elyvilon.
  7734 | D:7      | Noticed Menkaure
  7740 | D:7      | Killed Menkaure
  7741 | D:7      | Reached XP level 10. HP: 93/93 MP: 9/9
  8093 | D:8      | Found Fiunihuw's Weapon Emporium.
  8094 | D:8      | Found Boma's Magic Scroll Shoppe.
  8097 | D:8      | Reached skill level 10 in Axes
  8113 | D:8      | Bought a scroll of enchant armour for 105 gold pieces
  8113 | D:8      | Bought a scroll of enchant weapon for 105 gold pieces
  8113 | D:8      | Bought a scroll of enchant weapon for 105 gold pieces
  8113 | D:8      | Bought a scroll of noise for 14 gold pieces
  8113 | D:8      | Bought a scroll of fog for 56 gold pieces
  8119 | D:8      | Found a sacrificial altar of Ru.
  8398 | D:8      | Reached skill level 11 in Fighting
  8441 | D:8      | Noticed Grum
  8447 | D:8      | Killed Grum
  8645 | D:8      | Found an iron altar of Okawaru.
  8656 | D:8      | Became a worshipper of Warmaster Okawaru
  8800 | D:8      | Found Qocwisen's Antique Armour Emporium.
  8911 | D:8      | Identified a scroll of acquirement
  8911 | D:8      | Acquired 620 gold pieces
  8998 | D:8      | Bought a scroll of identify for 28 gold pieces
  8998 | D:8      | Bought a scroll of identify for 28 gold pieces
  8998 | D:8      | Bought a scroll of identify for 28 gold pieces
  8998 | D:8      | Bought a scroll of identify for 28 gold pieces
  9002 | D:8      | Reached skill level 12 in Fighting
  9002 | D:8      | Reached XP level 11. HP: 105/105 MP: 9/12
  9003 | D:8      | Reached skill level 13 in Fighting
  9003 | D:8      | Reached XP level 12. HP: 115/115 MP: 9/14
  9242 | D:9      | Reached skill level 10 in Armour
  9267 | D:9      | Found Lemiadyu's Demolitions Depot.
  9279 | D:9      | Reached * piety under Okawaru
  9399 | D:9      | Reached skill level 10 in Shields
  9720 | D:10     | Entered Level 10 of the Dungeon
  9929 | D:10     | Identified the +2 quarterstaff of the Conjuring Oracle
                  | {elec, Str+3 Stlth+}
  9931 | D:10     | Noticed Josephine
  9941 | D:10     | Killed Josephine
  9942 | D:10     | Reached XP level 13. HP: 76/123 MP: 15/15
 10674 | D:10     | Reached ** piety under Okawaru
 10675 | D:10     | Reached skill level 14 in Fighting
 10980 | D:10     | Found the +10 morningstar "Eos" {elec, Halo rElec}
 11010 | D:10     | Identified the +2 plate armour "Raex" {rN+}
 11268 | D:11     | Found a staircase to the Lair.
 11619 | D:11     | Reached *** piety under Okawaru
 11753 | D:11     | Found a staircase to the Orcish Mines.
 12044 | D:11     | Found Xilylab's Jewellery Boutique.
 12370 | D:12     | Received a gift from Okawaru
 12558 | D:12     | Found a gate leading to a gauntlet.
 12644 | Gauntlet | Entered a Gauntlet
 12644 | Gauntlet | Found a transporter.
 12644 | Gauntlet | Found a transporter.
 12648 | Gauntlet | Found a transporter.
 12648 | Gauntlet | Found a transporter.
 12650 | Gauntlet | Found a large runed translucent door.
 12651 | Gauntlet | Found a large runed translucent door.
 12653 | Gauntlet | Found a large runed translucent door.
 12653 | Gauntlet | Found a large runed translucent door.
 12653 | Gauntlet | Found a runed translucent door.
 12653 | Gauntlet | Found a runed translucent door.
 12654 | Gauntlet | Found a large runed translucent door.
 12655 | Gauntlet | Found a large runed translucent door.
 12655 | Gauntlet | Found a large runed translucent door.
 12655 | Gauntlet | Found a large runed translucent door.
 12656 | Gauntlet | Found a large runed translucent door.
 12657 | Gauntlet | Found a transporter.
 12657 | Gauntlet | Found a large runed translucent door.
 12705 | Gauntlet | Found a transporter.
 12725 | Gauntlet | Found a transporter.
 12741 | Gauntlet | Found a transporter.
 12743 | Gauntlet | Found a large runed translucent door.
 12744 | Gauntlet | Found a large runed translucent door.
 12746 | Gauntlet | Found a runed translucent gate.
 12763 | Gauntlet | Found a transporter.
 12837 | Gauntlet | Found a transporter.
 12851 | Gauntlet | Found a transporter.
 12873 | Gauntlet | Found a transporter.
 12887 | Gauntlet | Found a transporter.
 12909 | Gauntlet | Found a transporter.
 13013 | Gauntlet | Found a large runed translucent door.
 13013 | Gauntlet | Found a large runed translucent door.
 13014 | Gauntlet | Found a large runed translucent door.
 13014 | Gauntlet | Found a large runed translucent door.
 13019 | Gauntlet | Found a runed translucent gate.
 13019 | Gauntlet | Found a runed translucent gate.
 13021 | Gauntlet | Found a transporter.
 13065 | Gauntlet | Found a transporter.
 13346 | Gauntlet | Identified the amulet "Devauxe" {Spirit Regen+ Dex+2
                  | Slay+3}
 13346 | Gauntlet | Noticed a minotaur
 13355 | Gauntlet | Killed a minotaur
 13356 | Gauntlet | Reached skill level 15 in Fighting
 13440 | D:12     | Reached skill level 15 in Axes
 13440 | D:12     | Reached XP level 14. HP: 136/136 MP: 16/16
 14075 | D:11     | Bought the ring "Duduptet" {rElec Int+2 SInv} for 464 gold
                  | pieces
 14114 | Lair:1   | Entered Level 1 of the Lair of Beasts
 14315 | Lair:1   | Reached **** piety under Okawaru
 14315 | Lair:1   | Received a gift from Okawaru
 14402 | Lair:1   | Reached skill level 16 in Fighting
 14409 | Lair:1   | Received a gift from Okawaru
 15161 | Lair:2   | Found a staircase to the Shoals.
 15168 | Lair:2   | Reached XP level 15. HP: 104/144 MP: 12/17
 15317 | Lair:2   | Reached skill level 5 in Invocations
 16168 | Lair:3   | Found a hole to the Spider Nest.
 16231 | Lair:3   | Noticed Kirke
 16248 | Lair:3   | Killed Kirke
 16248 | Lair:3   | Reached ***** piety under Okawaru
 17008 | Lair:4   | Received a gift from Okawaru
 17120 | Lair:4   | Received a gift from Okawaru
 17192 | Lair:4   | Found a radiant altar of Vehumet.
 17322 | Lair:4   | Reached skill level 17 in Fighting
 17344 | Lair:4   | Found a staircase to the Slime Pits.
 17492 | Lair:4   | Received a gift from Okawaru
 17700 | Lair:5   | Entered Level 5 of the Lair of Beasts
 17766 | Lair:5   | Noticed Sonja
 17816 | Abyss:1  | Cast into level 1 of the Abyss (Sonja)
 17966 | Abyss:1  | Noticed a tentacled starspawn
 17972 | Abyss:1  | HP: 5/147 [tentacled starspawn (12)]
 17973 | Abyss:1  | Mangled by a tentacled starspawn

Illustrated notes

Levels and vault maps discovered:
D:1:      dpeg_arrival_round_c, layout_rooms, serial_co_window_serial,
          co_window_corner_a, co_window_paths_a, co_window_paths_a,
          co_window_corner_a, co_window_paths_a, co_window_of_opportunity_b,
          co_window_of_opportunity_c, co_window_cross_4, co_window_broadway_a,
          co_window_corner_b, co_window_4corner_a, minivault_19
D:2:      layout_basic, kennysheep_generic_room_10
D:3:      layout_rooms, nicolae_qazlal_eye_of_the_storm,
          mainiacjoe_overflow_tiny_flanked, nicolae_wu_jian_wuxing_cycle,
          minitemple, chequers_ecumenical_altar_simple_redux, minivault_4
D:4:      layout_rooms, nemelex_dance_club_becter,
          worldfamousw_hep_ancestral_shrine, serial_aquarium,
          aquarium_bridge_square [aquarium_subvault_wall,
          aquarium_subvault_bridge, aquarium_subvault_window,
          aquarium_subvault_bridge], aquarium_window_2,
          aquarium_window_corridor_3, aquarium_window_1, aquarium_window_corner,
          aquarium_view_2d, enter_ossuary_3, hex_tiny, kennysheep_orc_chapel
D:5:      layout_rooms, zin_purify, minivault_23, st_stairs_8
D:6:      layout_loops_corners, grunt_gozag_statues, minmay_temple_entry_glass
D:7:      layout_loops_corners, nicolae_kikubaaqudgha_miasma_corner,
          mainiacjoe_overflow_small_starburst, serial_undead, serial_undead_d,
          serial_undead_e, serial_undead_f, serial_undead_d, enter_bailey_3,
          kennysheep_generic_room_3, uniq_menkaure
D:8:      layout_basic, okawaru_gym_becter, nicolae_ru_awakened_eye,
          gammafunk_ghost_berserking_beasts, serial_shops, kennysheep_mini_moat,
          nicolae_shop_crystal, shop_statue, uniq_grum
D:9:      layout_roguey, nicolae_sextant, nicolae_blasting_shop
D:10:     minmay_the_grid_triangle_9x9_rhombus_thin_mashed
          [minmay_the_grid_triangle_9x9_sparse_checkered,
          minmay_the_grid_triangle_9x9_prize_center,
          minmay_the_grid_triangle_9x9_dagger,
          minmay_the_grid_triangle_9x9_odd_lines], layout_cross, uniq_josephine
D:11:     layout_gridville, erik_lair_orcish_takeover, david_orc_1_choice,
          nicolae_take_the_stairs
D:12:     layout_irregular_city, gauntlet_entry_generic
Temple:   nicolae_temple_ecumenical_triangle
Lair:1:   layout_regular_city, infiniplex_staircase_pool, serial_bayou_shore_a,
          grunt_megastairs_3
Lair:2:   layout_gridlike, elwin_shoals_entry_stream, serial_bayou,
          serial_bayou_lagoon_b, serial_bayou_crossing, serial_bayou_lake_a,
          serial_bayou_shore_b
Lair:3:   layout_cave_pods, spider_nest_entry_rubble,
          chequers_serial_rivers_large_a, uniq_kirke
Lair:4:   layout_small_grid, nicolae_slime_entry_field_trip, basic_altar,
          grunt_megastairs_1, lemuel_fruit_tree
Lair:5:   grunt_lair_end_beastmaster, layout_cave_shapes,
          eino_small_chamber_without_monster, minivault_27, lemuel_fruit_fields,
          grunt_megastairs_5, uniq_sonja
Abyss:1:  base: D:11, evilmike_abyss_exit_16, hangedman_abyss_or_decor_passed

Skill      XL: |  1  2  3  4  5  6  7  8  9 10 11 12 13 14 15 |
---------------+----------------------------------------------+-----
Fighting       | 4 5 6 7 8 10 12 13 15 16 17 | 17.2
Axes           | 3 4 5 6 7 9 11 12 13 15 16 | 16.9
Throwing       | 1 2 3 4 5 6 7 8 9 |  9.2
Shields        | 4 5 6 7 9 10 12 13 | 13.0
Armour         | 4 5 6 7 9 10 11 12 | 12.3
Invocations    | 2 4 5 |  5.9

Action                   |  1- 3 |  4- 6 |  7- 9 | 10-12 | 13-15 || total
-------------------------+-------+-------+-------+-------+-------++-------
Melee: War axe           |    60 |   102 |   222 |   144 |   575 ||  1103
       Headbutt          |     6 |    14 |    28 |    38 |   139 ||   225
Throw: Boomerang         |    38 |    32 |       |       |    13 ||    83
Invok: Heroism           |       |       |       |     1 |    11 ||    12
       Finesse           |       |       |       |       |     1 ||     1
  Use: Scroll            |     3 |    13 |     6 |    10 |    10 ||    42
       Potion            |       |       |     2 |     3 |     5 ||    10
Armor: Scale mail        |    46 |    66 |     1 |       |       ||   113
       Chain mail        |       |       |    41 |       |       ||    41
       Plate armour      |       |       |    72 |   109 |   121 ||   302
       Gold dragon scale |       |       |       |       |   435 ||   435
Dodge: Dodged            |    32 |    62 |   127 |    87 |   241 ||   549
Block: Buckler           |    14 |    32 |    54 |    39 |   234 ||   373

Table legend: (Time is in decaauts)
 A = Elapsed time spent in this place.
 B = Non-inter-level travel time spent in this place.
 C = Inter-level travel time spent in this place.
 D = Time resting spent in this place.
 E = Time spent auto-exploring this place.
 F = Levels seen in this place.
 G = Mean time per level.
                   A        B        C        D        E       F      G
               +--------+--------+--------+--------+--------+-----+--------+
         Total |  18007 |  17377 |    630 |   1617 |   9166 |  22 |  818.5 |
       Dungeon |  11510 |  10967 |    543 |    567 |   6482 |  12 |  959.2 |
        Temple |     48 |     48 |      0 |      0 |     32 |   1 |   48.0 |
          Lair |   3688 |   3601 |     87 |     15 |   2493 |   5 |  737.6 |
         Abyss |    159 |    159 |      0 |     90 |      0 |   1 |  159.0 |
       Ossuary |    655 |    655 |      0 |    145 |     72 |   1 |  655.0 |
        Bailey |   1238 |   1238 |      0 |    800 |     10 |   1 | 1238.0 |
      Gauntlet |    705 |    705 |      0 |      0 |     77 |   1 |  705.0 |
               +--------+--------+--------+--------+--------+-----+--------+

Top non-repeatable levels by time:
    D:10: 1487 daAuts
  Bailey: 1238 daAuts
     D:7: 1151 daAuts
    D:11: 1147 daAuts
  Lair:2: 1121 daAuts
     D:6: 1022 daAuts
    D:12: 999 daAuts
     D:1: 996 daAuts
     D:8: 974 daAuts
     D:4: 897 daAuts
  Lair:1: 866 daAuts
  Lair:3: 864 daAuts
     D:2: 825 daAuts
     D:9: 752 daAuts
  Lair:4: 713 daAuts
